 Dungeon Crawl Stone Soup version 0.28-a0-723-g095bd1b44f (webtiles) character file.

Game seed: 658781768109566990

245 jasper the Chucker (level 5, 0/55 HPs)
             Began as a Demonspawn Arcane Marksman on Oct 26, 2021.
             Killed from afar by an orc wizard (3 damage)
             ... with a puff of flame
             ... on level 4 of the Dungeon.
             The game lasted 00:05:06 (3755 turns).

jasper the Chucker (Demonspawn Arcane Marksman)     Turns: 3755, Time: 00:05:07

Health: 0/55       AC:  6    Str: 11    XL:     5   Next: 84%
Magic:  6/6        EV:  8    Int: 16    God:
Gold:   140        SH:  0    Dex: 14    Spells: 6/6 levels left

rFire   . . .      SeeInvis .   g - +0 short sword
rCold   . . .      Faith    .   l - +1 buckler
rNeg    . . .      Spirit   .   p - +0 scale mail
rPois   .          Reflect  .   (no helmet)
rElec   .          Harm     .   (no cloak)
rCorr   .          Rampage  .   (no gloves)
Will    .....                   (no boots)
Stlth   ..........              (no amulet)
HPRegen 0.18/turn               (no ring)
MPRegen 0.10/turn               (no ring)

@: confused, berserking, very quick
A: spiny 1, big brain 1
a: no special abilities


You were on level 4 of the Dungeon.
You visited 1 branch of the dungeon, and saw 4 of its levels.

You collected 140 gold pieces.

Inventory:

Hand Weapons
 g - a +0 short sword (weapon)
Missiles
 b - 2 javelins
 c - 3 throwing nets
 f - 7 stones (quivered)
Armour
 a - a +0 robe
 l - a +1 buckler (worn)
 o - a +0 leather armour
 p - a +0 scale mail (worn)
Wands
 n - a wand of paralysis (1)
Scrolls
 h - a scroll of fog
 i - a scroll of enchant armour
 j - 2 scrolls of magic mapping
 s - 2 scrolls of noise {unknown}
Potions
 d - 2 potions of haste
 e - a potion of resistance
 m - 4 potions of curing {unknown}
 q - a potion of heal wounds {unknown}
 r - a potion of might {unknown}


   Skills:
 - Level 1.0 Fighting
 + Level 5.6 Throwing
 - Level 1.7 Dodging
 - Level 1.0 Spellcasting
 - Level 3.0 Hexes


You had 6 spell levels left.
You didn't know any spells.
Your spell library contained the following spells:

 Spells                   Type           Power      Damage    Failure   Level
 Slow                     Hex            10%        N/A       71%         2
 Inner Flame              Hex/Fire       5%         N/A       98%         3
 Portal Projectile        Hex/Tloc       10%        N/A       98%         3
 Cause Fear               Hex            5%         N/A       100%        4


Dungeon Overview and Level Annotations

Branches:
Dungeon (4/15)
 Temple: D:4-7

Altars:


Innate Abilities, Weirdness & Mutations

You are partially covered in sharp spines.
You have an unusually large brain. (Int +2)


Message History

Press: ? - help, Q - select action, (/) - cycle Shift-Dir - straight line, f/p - orc priest
Aim: an orc priest, wielding a +0 falchion and wearing a +0 ring mail (almost dead, 64% to hit)
You throw a stone.
The stone closely misses the orc priest.
Throw: 10 stones
Press: ? - help, Q - select action, (/) - cycle Shift-Dir - straight line, f/p - orc priest
Aim: an orc priest, wielding a +0 falchion and wearing a +0 ring mail (almost dead, 64% to hit)
You throw a stone.
The stone completely misses the orc priest.
Throw: 9 stones
Press: ? - help, Q - select action, (/) - cycle Shift-Dir - straight line, f/p - orc priest
Aim: an orc priest, wielding a +0 falchion and wearing a +0 ring mail (almost dead, 64% to hit)
You throw a stone. The stone barely misses the orc priest.
An orc wizard comes into view. It is wielding a +0 dagger.
Throw: 8 stones
Press: ? - help, Q - select action, (/) - cycle Shift-Dir - straight line, f/p - orc priest
Aim: an orc priest, wielding a +0 falchion and wearing a +0 ring mail (severely wounded, 63% to hit)
You throw a stone.
The stone hits the orc priest but does no damage.
The orc priest is severely wounded.
The orc wizard gestures at you while chanting.
You are confused.
The orc priest mumbles some strange prayers to Beogh against you.
You barely resist.
Okay, then.
The orc priest mumbles some strange prayers to Beogh against you.
Beogh smites you!
You take 11 damage, and have 13/37 hp.
MASSIVE DAMAGE!!
The orc wizard gestures at you while chanting.
You are more confused.
The orc priest calls down the wrath of Beogh upon you.
Pain shoots through your body!
* * * LOW HITPOINT WARNING * * *
You take 11 damage, and have 2/37 hp.
MASSIVE DAMAGE!!
It was a potion of berserk rage.
A red film seems to cover your vision as you go berserk!
You feel yourself moving faster!
You feel mighty!
The orc wizard points at you and mumbles some strange words.
The puff of flame hits you.
You die...

...(........#
###..(.(......#
....o.(.......# ##
..(.(.......#
######. ..
.(.(.....#####....##
#.
#.(.....#..#.####.#
#. #.o...###[.#.#
#.# #.
##)####..###.# #.#
#.####@#
#..###.####.#
#.##...#
###..##.#..##
#.#..###
###).##.#..## #...##
#..####.#รท### #..##
#..####.#.... #..#
###.)..##.88. #..#
#######.88. #..# #
#.##.... ####.## .#
#.######


You could see an orc priest and an orc wizard.

Vanquished Creatures
  2 jellies (D:4)
  Natasha (thrice) (D:3)
  A hound zombie (D:4)
  An adder (D:4)
  An ufetubus (D:4)
  2 dart slugs (D:4)
  12 orcs
  12 ball pythons
  7 bats
  9 endoplasms
  2 giant cockroaches
  3 goblins
  5 hobgoblins
  2 frilled lizards
  4 kobolds
  6 rats
72 creatures vanquished.

Notes
Turn   | Place    | Note
-------+----------+-------------------------------------------
     0 | D:1      | jasper the Demonspawn Arcane Marksman began the quest for
                  | the Orb.
     0 | D:1      | Reached XP level 1. HP: 15/15 MP: 2/2
    35 | D:1      | Reached skill level 2 in Throwing
   345 | D:1      | Gained mutation: You are partially covered in sharp spines.
                  | [demonic ancestry]
   345 | D:1      | Reached XP level 2. HP: 11/21 MP: 3/3
   641 | D:1      | Found a faded altar of an unknown god.
  1043 | D:2      | Reached skill level 3 in Throwing
  1288 | D:2      | Gained mutation: You have an unusually large brain. (Int
                  | +2) [demonic ancestry]
  1288 | D:2      | Reached XP level 3. HP: 26/26 MP: 4/4
  2054 | D:3      | Noticed Natasha
  2060 | D:3      | Killed Natasha
  2061 | D:3      | Reached XP level 4. HP: 16/32 MP: 5/5
  2220 | D:3      | Reached skill level 4 in Throwing
  2271 | D:3      | Noticed Natasha
  2284 | D:3      | Killed Natasha
  2751 | D:3      | Noticed Natasha
  2760 | D:3      | Killed Natasha
  2795 | D:3      | Reached XP level 5. HP: 32/37 MP: 6/6
  3073 | D:4      | Reached skill level 5 in Throwing
  3755 | D:4      | Killed from afar by an orc wizard

Illustrated notes

Levels and vault maps discovered:
D:1:      lightli_arrival_statue_moat, layout_loops_ring,
          ebering_ecumenical_altar_sacrificial, chequers_garden
D:2:      layout_basic
D:3:      layout_loops_ring, uniq_natasha
D:4:      minmay_chambers_of_fours, layout_rooms, slow_altar_2,
          palyth_stone_intersect

Skill      XL: |  1  2  3  4  5 |
---------------+----------------+-----
Throwing       | 2 3 4 5 |  5.6
Fighting       | |  1.0
Dodging        | |  1.7
Spellcasting   | |  1.0
Hexes          | |  3.0

Action                   |  1- 3 |  4- 6 || total
-------------------------+-------+-------++-------
Melee: Unarmed           |     1 |       ||     1
       Short sword       |    17 |    43 ||    60
Throw: Stone             |   127 |    99 ||   226
       Javelin           |    17 |     9 ||    26
Evoke: Wand              |       |     6 ||     6
  Use: Scroll            |     5 |     2 ||     7
       Potion            |       |     1 ||     1
 Stab: Paralysed         |       |     7 ||     7
Armor: Robe              |    10 |       ||    10
       Scale mail        |       |    23 ||    23
Dodge: Dodged            |    33 |    21 ||    54
Block: Buckler           |     3 |    19 ||    22

Table legend: (Time is in decaauts)
 A = Elapsed time spent in this place.
 B = Non-inter-level travel time spent in this place.
 C = Inter-level travel time spent in this place.
 D = Time resting spent in this place.
 E = Time spent auto-exploring this place.
 F = Levels seen in this place.
 G = Mean time per level.
                   A        B        C        D        E       F      G
               +--------+--------+--------+--------+--------+-----+--------+
         Total |   3786 |   3672 |    114 |    512 |   2533 |   4 |  946.5 |
       Dungeon |   3786 |   3672 |    114 |    512 |   2533 |   4 |  946.5 |
               +--------+--------+--------+--------+--------+-----+--------+

Top non-repeatable levels by time:
     D:3: 1184 daAuts
     D:1: 979 daAuts
     D:2: 938 daAuts
     D:4: 684 daAuts
